 Dungeon Crawl Stone Soup version 0.19-a0-1675-gc11f27c (webtiles) character file.

752 TheGoonsmith the Sneak (level 7, -9/37 HPs)
             Began as a Vine Stalker Assassin on Sept 23, 2016.
             Mangled by an ice beast (11 damage)
             ... on level 4 of the Dungeon.
             The game lasted 00:07:44 (3910 turns).

TheGoonsmith the Sneak (Vine Stalker Assassin)      Turns: 3910, Time: 00:07:45

Health: -9/37      AC:  4    Str: 19    XL:     7   Next: 78%
Magic:  0/8        EV: 11    Int: 11    God:
Gold:   185        SH:  0    Dex: 17    Spells: 0 memorised, 6 levels left

rFire  . . .     SeeInvis .     y - +0 short sword (elec)
rCold  . . .     Gourm    .     c - +0 robe
rNeg   . . .     Faith    .     (no shield)
rPois  .         Spirit   +     (no helmet)
rElec  .         Dismiss  .     d - +0 cloak
rCorr  +         Reflect  .     h - +0 pair of gloves
MR     .....     Harm     .     (no boots)
Stlth  ++++......               (no amulet)
                                z - ring of wizardry
                                p - ring of resist corrosion

@: mighty
A: fangs 2, regeneration 1, magic shield, antimagic bite, no device heal 3, rot
immunity
a: no special abilities


You were on level 4 of the Dungeon.
You were hungry.

You visited 1 branch of the dungeon, and saw 5 of its levels.

You collected 185 gold pieces.

Inventory:

Hand Weapons
 a - a +1 dagger of speed
 b - a +0 blowgun
 v - a +2 rapier of venom
 y - a +0 short sword of electrocution (weapon)
 B - a +2 dagger
Missiles
 e - 8 poisoned needles
 f - 2 curare-tipped needles
 s - 4 tomahawks of returning (quivered)
 x - 10 javelins
 A - 7 tomahawks
Armour
 c - a +0 robe (worn)
 d - a +0 cloak (worn)
 h - a +0 pair of gloves (worn)
Jewellery
 p - a ring of resist corrosion (left hand)
 z - a ring of wizardry (right hand)
Scrolls
 n - a scroll of amnesia {unknown}
 r - a scroll of identify
 t - 3 scrolls of remove curse
 u - a scroll of recharging
Potions
 i - 2 potions of might
 j - a potion of heal wounds {unknown}
 k - a potion of invisibility {unknown}
 q - 2 potions of brilliance
 w - 2 potions of haste
 D - a potion of berserk rage
Comestibles
 g - 6 bread rations
 l - 2 chunks of flesh
 m - 8 fruits
 o - 2 meat rations
 E - a royal jelly


   Skills:
 + Level 3.9 Fighting
 * Level 5.7 Short Blades
 - Level 1.7 Throwing
 - Level 0.7 Dodging
 + Level 7.3 Stealth


You had 6 spell levels left.
You didn't know any spells.

Dungeon Overview and Level Annotations

Branches:
Dungeon (5/15)
 Temple: D:4-7

Altars:
Makhleb
Nemelex Xobeh
Vehumet


Innate Abilities, Weirdness & Mutations

You have extremely sharp teeth.
Your natural rate of healing is unusually fast.
When hurt, damage is shared between your health and your magic reserves.
Your bite disrupts and absorbs the magic of your enemies.
Potions and wands cannot restore your health.
You are immune to rotting.


Message History

The orc throws a tomahawk of returning.
The tomahawk of returning hits you.
The weapon returns to the orc!
There is a stone staircase leading up here.
The ice beast misses you.
You climb upwards.
There is a stone staircase leading down here.
You are feeling hungry.
You feel very mighty all of a sudden. The ice beast hits you.
The ice beast freezes you!
* * * LOW HITPOINT WARNING * * *
You closely miss the ice beast. Your bite misses the ice beast.
The ice beast is lightly wounded.
The ice beast barely misses you.
You hit the ice beast.
There is a sudden explosion of sparks!
Your bite misses the ice beast.
The ice beast is severely wounded.
The ice beast hits you.
* * * LOW HITPOINT WARNING * * *
The ice beast freezes you!
You die...

####.###### #.......#####.###.#
####.##...#####.#.##..# #.<....
#...............#.##..# #####>#
#.##.##...#######.##..# #...
#.##.###### #.##..# #...
.....########## #.##..# #...
#......##.....# #.....# #####...
#.####.##.....###..#..####.......
#...##.##....).Y@..##............
#.#.##.##.....####.#######....<..
#....(.##..>..# #....# #####...
#####.######### ####.# #... #.#
#.# #... #.# #.# #... #.#
#########.# ##.# #.# #.........#
######.# #.#######.#########
#.......


You could see an ice beast.

Vanquished Creatures
  Duvessa (D:4)
  An ogre (D:4)
  A centaur (D:3)
  Dowan (D:4)
  A bullfrog zombie (D:5)
  2 crimson imps
  A jelly (D:5)
  An orc priest (D:3)
  A bullfrog skeleton (D:5)
  2 worker ants (D:4)
  A hound skeleton (D:4)
  8 adders
  An ooze (D:4)
  An adder skeleton (D:4)
  A worm (D:3)
  2 dart slugs (D:3)
  4 leopard geckos
  12 orcs
  A ball python (D:4)
  4 giant cockroaches
  3 goblins
  10 hobgoblins
  2 jackals (D:1)
  4 quokkas
  11 bats
  4 frilled lizards
  4 kobolds
  2 rats
87 creatures vanquished.

Notes
Turn   | Place    | Note
-------+----------+-------------------------------------------
     0 | D:1      | TheGoonsmith the Vine Stalker Assassin began the quest for the Orb.
     0 | D:1      | Reached XP level 1. HP: 11/11 MP: 2/2
   286 | D:1      | Reached skill level 5 in Stealth
   286 | D:1      | Reached XP level 2. HP: 15/15 MP: 3/3
   907 | D:1      | Reached XP level 3. HP: 18/18 MP: 4/4
  1640 | D:2      | Found a radiant altar of Vehumet.
  1675 | D:2      | Found a sparkling altar of Nemelex Xobeh.
  1704 | D:2      | Found a burning altar of Makhleb.
  1914 | D:3      | Gained mutation: Your natural rate of healing is unusually fast. [Vine Stalker growth]
  1914 | D:3      | Reached XP level 4. HP: 23/23 MP: 5/5
  2190 | D:3      | Reached XP level 5. HP: 27/27 MP: 4/6
  2243 | D:3      | Noticed a centaur
  2250 | D:3      | Killed a centaur
  2250 | D:3      | Reached skill level 6 in Stealth
  2372 | D:4      | Noticed Duvessa
  2372 | D:4      | Noticed Dowan
  2375 | D:4      | Killed Duvessa
  2375 | D:4      | Reached XP level 6. HP: 32/32 MP: 7/7
  2488 | D:4      | Killed Dowan
  3058 | D:4      | Reached XP level 7. HP: 36/36 MP: 8/8
  3197 | D:4      | Reached skill level 5 in Short Blades
  3307 | D:5      | Entered Level 5 of the Dungeon
  3459 | D:4      | Reached skill level 7 in Stealth
  3910 | D:4      | Mangled by an ice beast

Vault maps used:
D:1:      dpeg_arrival_court
D:2:      lemuel_round_altar, lemuel_round_altar, serial_curves, eino_curves_01,
          eino_curves_03, eino_curves_02, kennysheep_flooded_box
D:3:      item_on_display_a
D:4:      dk_noncrumbling_4, uniq_duvessa
D:5:      first_bread, basic_altar, uniq_crazy_yiuf_cottage

Skill      XL: |  1  2  3  4  5  6  7 |
---------------+----------------------+-----
Short Blades   | 2 3 4 5 |  5.7
Stealth        | 5 6 7 |  7.3
Fighting       | 2 3 |  3.9
Throwing       | |  1.7
Dodging        | |  0.7

Action                   |  1- 3 |  4- 6 |  7- 9 || total
-------------------------+-------+-------+-------++-------
Melee: Dagger            |    80 |    54 |   169 ||   303
       Bite              |    11 |    24 |    62 ||    97
       Short sword       |     7 |    32 |     9 ||    48
       Rapier            |       |     8 |       ||     8
 Fire: Blowgun           |       |       |     4 ||     4
  Use: Scroll            |       |     2 |     6 ||     8
       Potion            |       |       |     1 ||     1
 Stab: Sleeping          |    17 |    12 |     2 ||    31
  Eat: Chunk             |     3 |     3 |     3 ||     9
Armor: Robe              |    40 |    15 |    18 ||    73
Dodge: Dodged            |    52 |    24 |    59 ||   135
